| TOP OF THE 1ST |
|
Quincy Cubs batting - Pitching for Burlington Bees : RHP Paul Soth
|
|
Pitching: RHP Paul Soth
|
|
|
Batting: RHB Alex Juarez
|
0-0: Ball 1-0: Ball 2-0: Ball 3-0: Called Strike 3-1: Base on Balls
|
|
Batting: RHB Jack Ayer
|
0-0: Ball 1-0: Ball 2-0: Fly out, F7 (Line Drive, 7, EV 98.8 MPH)
|
|
Batting: SHB Willie Perez
|
0-0: Ball 1-0: Called Strike 1-1: Ball 2-1: Ball 3-1: Base on Balls Alex Juarez to second
|
|
Batting: LHB Dennis Mork
|
0-0: Ball 1-0: Ball 2-0: Foul Ball, location: 2F 2-1: Foul Ball, location: 2F 2-2: Ball Wild Pitch! Alex Juarez to third Willie Perez to second 3-2: Foul Ball, location: 2F 3-2: Hit by Pitch
|
|
Batting: RHB Nerio Guerrero
|
0-0: Called Strike 0-1: Ball 1-1: Swinging Strike 1-2: Foul Ball, location: 2F 1-2: Foul Ball, location: 2F 1-2: Foul Ball, location: 2F 1-2: Ball 2-2: Ball 3-2: Foul Ball, location: 2F 3-2: Fly out, F7 (Flyball, 78M, EV 88.8 MPH) Throwing error, E7 Alex Juarez scores Willie Perez to third Dennis Mork to second
|
|
Batting: RHB Billy Best
|
0-0: Called Strike 0-1: Ball 1-1: Called Strike 1-2: Ground out 6-3 (Groundball, 6, EV 85.6 MPH)
|
| Top of the 1st over - 1 run, 0 hits, 1 error, 2 left on base; Quincy 1 - Burlington 0 |
| BOTTOM OF THE 1ST |
|
Burlington Bees batting - Pitching for Quincy Cubs : RHP Mike L Griffin
|
|
Pitching: RHP Mike L Griffin
|
|
|
Batting: RHB Mike Quade
|
0-0: Foul Ball, location: 2F 0-1: Ground out 6-3 (Groundball, 6, EV 80.6 MPH)
|
|
Batting: RHB Gregory Chinn
|
0-0: Swinging Strike 0-1: Called Strike 0-2: Foul Ball, location: 2F 0-2: Ball 1-2: DOUBLE (Line Drive, 3D, EV 107.5 MPH)
|
|
Batting: LHB Brian Devalk
|
0-0: Ball 1-0: Called Strike 1-1: Foul Ball, location: 2F 1-2: Foul Ball, location: 2F 1-2: TRIPLE (Flyball, 8RXD, EV 94.4 MPH) Gregory Chinn scores
|
|
Batting: RHB Bob Gergen
|
0-0: SINGLE (Groundball, 5S, EV 71.9 MPH) (infield hit) Brian Devalk scores
|
|
Batting: LHB Pat Castiglia
|
0-0: Called Strike 0-1: Ball Wild Pitch! Bob Gergen to second 1-1: DOUBLE (Line Drive, 8RXD, EV 98.8 MPH) Bob Gergen scores
|
|
Batting: LHB Frank Hardy
|
0-0: Ball 1-0: Fly out, F9 (Flyball, 89M, EV 95.6 MPH)
|
|
Batting: RHB Rod Johnson
|
0-0: Swinging Strike 0-1: SINGLE (Line Drive, 7S, EV 95.0 MPH) Pat Castiglia to third Runner from 3rd tries for Home, SAFE, throw by LF to home
|
|
Batting: RHB Nick Hernandez
|
0-0: Ball 1-0: Foul Ball, location: 2F 1-1: Ball 2-1: Reached on error, E6 (Groundball, 6, EV 86.3 MPH) Rod Johnson to second
|
|
Batting: RHB Mike Morse
|
0-0: Called Strike 0-1: Ball 1-1: Fielders Choice at 2nd, 5-4 (Groundball, 5, EV 87.5 MPH)
|
| Bottom of the 1st over - 4 runs, 5 hits, 1 error, 2 left on base; Quincy 1 - Burlington 4 |
| TOP OF THE 2ND |
|
Quincy Cubs batting - Pitching for Burlington Bees : RHP Paul Soth
|
|
Batting: RHB Curt Etchandy
|
0-0: Ball 1-0: Fly out, F5 (Line Drive, 5, EV 66.3 MPH)
|
|
Batting: RHB Garry Keeton
|
0-0: Called Strike 0-1: Ball 1-1: Called Strike 1-2: Foul Ball, location: 2F 1-2: DOUBLE (Line Drive, 9LS, EV 101.3 MPH)
|
|
Batting: RHB Roger Hansen
|
0-0: Called Strike 0-1: Ball 1-1: Ball 2-1: Ball 3-1: Ground out U3 (Groundball, 3L, EV 81.9 MPH) Garry Keeton to third
|
|
Batting: RHB Alex Juarez
|
0-0: Called Strike 0-1: Ground out 4-3 (Groundball, 4, EV 103.1 MPH)
|
| Top of the 2nd over - 0 runs, 1 hit, 0 errors, 1 left on base; Quincy 1 - Burlington 4 |
| BOTTOM OF THE 2ND |
|
Burlington Bees batting - Pitching for Quincy Cubs : RHP Mike L Griffin
|
|
Batting: RHB Mike Quade
|
0-0: Called Strike 0-1: Ball 1-1: SINGLE (Groundball, 56, EV 98.1 MPH) (infield hit)
|
|
Batting: RHB Gregory Chinn
|
0-0: Foul Ball, location: 2F 0-1: Ball 1-1: Foul Ball, location: 2F 1-2: Strikes out swinging
|
|
Batting: LHB Brian Devalk
|
0-0: Ball 1-0: Foul Ball, location: 2F 1-1: Swinging Strike 1-2: Foul Ball, location: 2F 1-2: Strikes out swinging
|
|
Batting: RHB Bob Gergen
|
0-0: Called Strike 0-1: Ball 1-1: Ball 2-1: SINGLE (Line Drive, 3, EV 75.0 MPH) (infield hit) Mike Quade to second
|
|
Batting: LHB Pat Castiglia
|
0-0: Called Strike 0-1: Fly out, F9 (Flyball, 89M, EV 92.5 MPH)
|
| Bottom of the 2nd over - 0 runs, 2 hits, 0 errors, 2 left on base; Quincy 1 - Burlington 4 |
| TOP OF THE 3RD |
|
Quincy Cubs batting - Pitching for Burlington Bees : RHP Paul Soth
|
|
Batting: RHB Jack Ayer
|
0-0: Foul Ball, location: 2F 0-1: Ball 1-1: Ball 2-1: Ball 3-1: Foul Ball, location: 2F 3-2: Ground out 1-3 (Groundball, 15, EV 73.1 MPH)
|
|
Batting: SHB Willie Perez
|
0-0: Ball 1-0: SINGLE (Groundball, 6D, EV 94.4 MPH)
|
|
Batting: LHB Dennis Mork
|
0-0: Ground out 4-3 (Groundball, 4S, EV 71.9 MPH) Willie Perez to second
|
|
Batting: RHB Nerio Guerrero
|
0-0: Ball 1-0: Ground out 4-3 (Groundball, 4MD, EV 81.3 MPH)
|
| Top of the 3rd over - 0 runs, 1 hit, 0 errors, 1 left on base; Quincy 1 - Burlington 4 |
| BOTTOM OF THE 3RD |
|
Burlington Bees batting - Pitching for Quincy Cubs : RHP Mike L Griffin
|
|
Batting: LHB Frank Hardy
|
0-0: Ball 1-0: Ground out 5-3 (Groundball, 56, EV 88.1 MPH)
|
|
Batting: RHB Rod Johnson
|
0-0: Called Strike 0-1: Ground out 4-3 (Groundball, 4, EV 105.6 MPH)
|
|
Batting: RHB Nick Hernandez
|
0-0: Ball 1-0: Foul Ball, location: 2F 1-1: Called Strike 1-2: Foul Ball, location: 2F 1-2: Ball 2-2: Strikes out swinging
|
| Bottom of the 3rd over - 0 runs, 0 hits, 0 errors, 0 left on base; Quincy 1 - Burlington 4 |
| TOP OF THE 4TH |
|
Quincy Cubs batting - Pitching for Burlington Bees : RHP Paul Soth
|
|
Batting: RHB Billy Best
|
0-0: Fly out, F7 (Flyball, 78M, EV 79.4 MPH)
|
|
Batting: RHB Curt Etchandy
|
0-0: Fly out, F5 (Popup, 25F, EV 88.1 MPH)
|
|
Batting: RHB Garry Keeton
|
0-0: Called Strike 0-1: Ball 1-1: Foul Ball, location: 2F 1-2: Fly out, F9 (Flyball, 89M, EV 88.8 MPH)
|
| Top of the 4th over - 0 runs, 0 hits, 0 errors, 0 left on base; Quincy 1 - Burlington 4 |
| BOTTOM OF THE 4TH |
|
Burlington Bees batting - Pitching for Quincy Cubs : RHP Mike L Griffin
|
|
Batting: RHB Mike Morse
|
0-0: Called Strike 0-1: Ball 1-1: Swinging Strike 1-2: Ground out 4-3 (Groundball, 4, EV 81.3 MPH)
|
|
Batting: RHB Mike Quade
|
0-0: Ground out 6-3 (Groundball, 6M, EV 97.5 MPH)
|
|
Batting: RHB Gregory Chinn
|
0-0: Called Strike 0-1: Ball 1-1: Ball 2-1: Ball 3-1: Base on Balls
|
|
Batting: LHB Brian Devalk
|
0-0: Called Strike 0-1: Swinging Strike 0-2: Strikes out swinging
|
| Bottom of the 4th over - 0 runs, 0 hits, 0 errors, 1 left on base; Quincy 1 - Burlington 4 |
| TOP OF THE 5TH |
|
Quincy Cubs batting - Pitching for Burlington Bees : RHP Paul Soth
|
|
Batting: RHB Roger Hansen
|
0-0: Called Strike 0-1: Called Strike 0-2: Strikes out swinging
|
|
Batting: RHB Alex Juarez
|
0-0: Swinging Strike 0-1: Ball 1-1: Foul Ball, location: 2F 1-2: Foul Ball, location: 2F 1-2: Foul Ball, location: 2F 1-2: Foul Ball, location: 2F 1-2: Ground out 6-3 (Groundball, 6, EV 88.1 MPH)
|
|
Batting: RHB Jack Ayer
|
0-0: Called Strike 0-1: Ball 1-1: Ball 2-1: Fly out, F4 (Line Drive, 4, EV 72.5 MPH)
|
| Top of the 5th over - 0 runs, 0 hits, 0 errors, 0 left on base; Quincy 1 - Burlington 4 |
| BOTTOM OF THE 5TH |
|
Burlington Bees batting - Pitching for Quincy Cubs : RHP Mike L Griffin
|
|
Batting: RHB Bob Gergen
|
0-0: Ball 1-0: Hit by Pitch
|
|
Batting: LHB Pat Castiglia
|
0-0: Called Strike 0-1: Ball 1-1: Called Strike 1-2: Fly out, F9 (Flyball, 89S, EV 93.8 MPH)
|
|
Batting: LHB Frank Hardy
|
0-0: Called Strike 0-1: Ball 1-1: Swinging Strike 1-2: Foul Ball, location: 2F 1-2: Ball 2-2: Ball 3-2: Foul Ball, location: 2F 3-2: SINGLE (Groundball, 34S, EV 63.8 MPH) (infield hit) Bob Gergen to second
|
|
Batting: RHB Rod Johnson
|
0-0: Ball 1-0: Ball Bob Gergen steals 3rd base Frank Hardy to second 2-0: Fly out, F9 (Flyball, 89M, EV 88.8 MPH) Runner from 3rd tags up, OUT at HOME! 9-2
|
| Bottom of the 5th over - 0 runs, 1 hit, 0 errors, 1 left on base; Quincy 1 - Burlington 4 |
| TOP OF THE 6TH |
|
Quincy Cubs batting - Pitching for Burlington Bees : RHP Paul Soth
|
|
Batting: SHB Willie Perez
|
0-0: Ground out 6-3 (Groundball, 6, EV 103.1 MPH)
|
|
Batting: LHB Dennis Mork
|
0-0: Ground out U3 (Groundball, 3, EV 89.4 MPH)
|
|
Batting: RHB Nerio Guerrero
|
0-0: Ball 1-0: Ball 2-0: Ball 3-0: Called Strike 3-1: SOLO HOME RUN (Line Drive, 7LD, EV 99.4 MPH), Distance : 353 ft
|
|
Batting: RHB Billy Best
|
0-0: Ball 1-0: Foul Ball, location: 2F 1-1: Ball 2-1: Ball 3-1: Base on Balls
|
|
Batting: RHB Curt Etchandy
|
0-0: Called Strike 0-1: Called Strike 0-2: Foul Ball, location: 2F 0-2: Ball 1-2: Strikes out swinging
|
| Top of the 6th over - 1 run, 1 hit, 0 errors, 1 left on base; Quincy 2 - Burlington 4 |
| BOTTOM OF THE 6TH |
|
Burlington Bees batting - Pitching for Quincy Cubs : RHP Mike L Griffin
|
|
Batting: RHB Nick Hernandez
|
0-0: Ball 1-0: Foul Ball, location: 2F 1-1: Fly out, F7 (Flyball, 7D, EV 98.1 MPH)
|
|
Batting: RHB Mike Morse
|
0-0: Ball 1-0: Fly out, F9 (Flyball, 9LS, EV 81.9 MPH)
|
|
Batting: RHB Mike Quade
|
0-0: Ball 1-0: Ball 2-0: Ball 3-0: Base on Balls
|
|
Batting: RHB Gregory Chinn
|
0-0: Called Strike 0-1: Foul Ball, location: 2F 0-2: SINGLE (Flyball, 4D, EV 93.1 MPH) Mike Quade to second Runner from 2nd tries for 3rd, SAFE, throw by RF made to third
|
|
Batting: LHB Brian Devalk
|
0-0: Ball 1-0: Foul Ball, location: 2F Balk! Mike Quade scores Gregory Chinn to second 1-1: Ball 2-1: Ball 3-1: Called Strike 3-2: Foul Ball, location: 2F 3-2: SINGLE (Groundball, 56D, EV 98.8 MPH) Gregory Chinn to third Gregory Chinn scores
|
|
Pitching: LHP Faustino Fortinho
|
|
|
Batting: RHB Bob Gergen
|
0-0: SINGLE (Flyball, 3D, EV 94.4 MPH) Brian Devalk to second Runner from 2nd tries for 3rd, SAFE, no throw by RF
|
|
Batting: LHB Pat Castiglia
|
0-0: SINGLE (Line Drive, 34, EV 106.3 MPH) Brian Devalk scores Bob Gergen to second
|
|
Batting: LHB Frank Hardy
|
0-0: Foul Ball, location: 2F 0-1: Called Strike 0-2: Foul Ball, location: 2F 0-2: Ball 1-2: Ball 2-2: Foul Ball, location: 2F 2-2: DOUBLE (Line Drive, 9LS, EV 102.5 MPH) Bob Gergen scores Pat Castiglia to third Runner from 3rd tries for Home, SAFE, throw by RF to home
|
|
Batting: RHB Rod Johnson
|
0-0: Called Strike 0-1: Ball 1-1: Swinging Strike 1-2: Ball 2-2: Foul Ball, location: 2F 2-2: Strikes out swinging
|
| Bottom of the 6th over - 5 runs, 5 hits, 0 errors, 1 left on base; Quincy 2 - Burlington 9 |
| TOP OF THE 7TH |
|
Quincy Cubs batting - Pitching for Burlington Bees : RHP Paul Soth
|
|
Pinch Hitting: RHB Samuel Bass
|
0-0: Ground out 6-3 (Groundball, 6, EV 85.6 MPH)
|
|
Pinch Hitting: RHB Richard Palmer
|
0-0: Ball 1-0: Ground out 4-3 (Groundball, 4, EV 108.1 MPH)
|
|
Batting: RHB Alex Juarez
|
0-0: Foul Ball, location: 2F 0-1: Ball 1-1: Fly out, F9 (Flyball, 89M, EV 86.3 MPH)
|
| Top of the 7th over - 0 runs, 0 hits, 0 errors, 0 left on base; Quincy 2 - Burlington 9 |
| BOTTOM OF THE 7TH |
|
Burlington Bees batting - Pitching for Quincy Cubs : LHP Faustino Fortinho
|
|
Now at 1B: Ed Berroa
|
|
|
Now at 2B: Samuel Bass
|
|
|
Batting: RHB Nick Hernandez
|
0-0: Ground out 6-3 (Groundball, 6, EV 85.0 MPH)
|
|
Batting: RHB Mike Morse
|
0-0: Called Strike 0-1: Ball 1-1: Ball 2-1: Swinging Strike 2-2: SINGLE (Line Drive, 8RS, EV 92.5 MPH)
|
|
Pinch Hitting: LHB Jeffrey Dunn
|
0-0: Ball 1-0: Ball 2-0: Foul Ball, location: 2F 2-1: Foul Ball, location: 2F 2-2: Ball 3-2: Base on Balls Mike Morse to second
|
|
Batting: RHB Gregory Chinn
|
0-0: Foul Ball, location: 2F 0-1: SINGLE (Groundball, 56D, EV 103.8 MPH) Mike Morse to third Jeffrey Dunn to second Runner from 3rd tries for Home, SAFE, throw by LF to home
|
|
Batting: LHB Brian Devalk
|
0-0: Called Strike 0-1: Swinging Strike 0-2: Ball 1-2: Ball 2-2: Strikes out swinging
|
|
Batting: RHB Bob Gergen
|
0-0: Called Strike 0-1: Foul Ball, location: 2F 0-2: Ball 1-2: Foul Ball, location: 2F 1-2: Strikes out looking
|
| Bottom of the 7th over - 1 run, 2 hits, 0 errors, 2 left on base; Quincy 2 - Burlington 10 |
| TOP OF THE 8TH |
|
Quincy Cubs batting - Pitching for Burlington Bees : RHP Paul Soth
|
|
Now at 2B: Jeffrey Dunn
|
|
|
Batting: RHB Jack Ayer
|
0-0: Foul Ball, location: 2F 0-1: Ball 1-1: Ball 2-1: Ball 3-1: Called Strike 3-2: Fly out, F9 (Flyball, 9S, EV 88.1 MPH)
|
|
Batting: SHB Willie Perez
|
0-0: Called Strike 0-1: Ball 1-1: Foul Ball, location: 2F 1-2: Foul Ball, location: 2F 1-2: Foul Ball, location: 2F 1-2: Strikes out swinging
|
|
Batting: LHB Dennis Mork
|
0-0: Foul Ball, location: 2F 0-1: Ball 1-1: Ball 2-1: Fly out, F8 (Flyball, 8RS, EV 83.8 MPH)
|
| Top of the 8th over - 0 runs, 0 hits, 0 errors, 0 left on base; Quincy 2 - Burlington 10 |
| BOTTOM OF THE 8TH |
|
Burlington Bees batting - Pitching for Quincy Cubs : LHP Faustino Fortinho
|
|
Batting: LHB Pat Castiglia
|
0-0: Ball 1-0: Ball 2-0: Ground out 1-3 (Groundball, 34S, EV 72.5 MPH)
|
|
Batting: LHB Frank Hardy
|
0-0: Ball 1-0: Swinging Strike 1-1: Ball 2-1: Foul Ball, location: 2F 2-2: Strikes out swinging
|
|
Batting: RHB Rod Johnson
|
0-0: Ball 1-0: Foul Ball, location: 2F 1-1: Ball 2-1: Foul Ball, location: 2F 2-2: Foul Ball, location: 2F 2-2: Foul Ball, location: 2F 2-2: Ball 3-2: Fly out, F7 (Flyball, 78M, EV 80.6 MPH)
|
| Bottom of the 8th over - 0 runs, 0 hits, 0 errors, 0 left on base; Quincy 2 - Burlington 10 |
| TOP OF THE 9TH |
|
Quincy Cubs batting - Pitching for Burlington Bees : RHP Paul Soth
|
|
Batting: RHB Nerio Guerrero
|
0-0: Ball 1-0: Ball 2-0: Ball 3-0: Called Strike 3-1: Foul Ball, location: 2F 3-2: Foul Ball, location: 2F 3-2: Base on Balls
|
|
Batting: RHB Billy Best
|
0-0: 2-RUN HOME RUN (Flyball, 7D, EV 105.6 MPH), Distance : 392 ft
|
|
Batting: RHB Curt Etchandy
|
0-0: Ball 1-0: Fly out, F7 (Flyball, 7D, EV 102.5 MPH)
|
|
Batting: RHB Samuel Bass
|
0-0: Ball 1-0: Foul Ball, location: 2F 1-1: Ground out 5-3 (Groundball, 5L, EV 98.1 MPH)
|
|
Batting: RHB Ed Berroa
|
0-0: Foul Ball, location: 2F 0-1: Called Strike 0-2: Ball 1-2: Ground out 5-3 (Groundball, 56S, EV 89.4 MPH)
|
| Top of the 9th over - 2 runs, 1 hit, 0 errors, 0 left on base; Quincy 4 - Burlington 10 |
|